 Dungeon Crawl Stone Soup version 0.31-a0-675-g238779eb0a (webtiles) character file.

Game seed: 17131459456088144106

153 randomguy2701 the Chopper (level 5, -3/47 HPs)
             Began as a Hill Orc Fighter on Sept 6, 2023.
             Slain by a sky beast (5 damage)
             ... on level 4 of the Dungeon.
             The game lasted 00:02:56 (2441 turns).

randomguy2701 the Chopper (Hill Orc Fighter)        Turns: 2441, Time: 00:02:56

Health: -3/47      AC:  7    Str: 19    XL:     5   Next: 35%
Magic:  5/5        EV:  6    Int:  8    God:
Gold:   180        SH: 12    Dex: 12    Spells: 4/4 levels left

rFire   . . .        a - +0 war axe
rCold   . . .        n - +0 tower shield
rNeg    . . .        b - +0 scale mail
rPois   .            (no helmet)
rElec   .            (no cloak)
rCorr   .            (no gloves)
SInv    .            (no boots)
Will    .....        (no amulet) Stlth
                     (no ring)
HPRegen 0.27/turn    (no ring)
MPRegen 0.09/turn

%: no passive effects
@: no status effects
A: no striking features
a: no special abilities


You were on level 4 of the Dungeon.
You visited 1 branch of the dungeon, and saw 4 of its levels.

You collected 180 gold pieces.

Inventory:

Hand Weapons
 a - a +0 war axe (weapon)
Armour
 b - a +0 scale mail (worn)
 c - a +0 buckler
 n - a +0 tower shield (worn)
Jewellery
 m - a ring of magical power
Scrolls
 f - 2 scrolls of identify {unknown}
 g - a scroll of fog {unknown}
 h - a scroll of silence {unknown}
 j - 2 scrolls of teleportation {unknown}
 k - a scroll of enchant weapon {unknown}
 o - a scroll of blinking {unknown}
 q - a scroll of enchant armour {unknown}
Potions
 d - a potion of might
 i - a potion of attraction {unknown}
 l - a potion of haste {unknown}
 p - a potion of heal wounds {unknown}


   Skills:
 + Level 4.4 Fighting
 + Level 4.8 Axes
 + Level 4.0 Armour
 + Level 0.4 Dodging
 + Level 4.2 Shields


You had 4 spell levels left.
You didn't know any spells.
Your spell library contained the following spells:

 Spells                   Type           Power      Damage    Failure   Level
 Magic Dart               Conj           0%         1d3       100%        1
 Searing Ray              Conj           0%         2d4       100%        2
 Fulminant Prism          Conj/Hex       0%         3d5       100%        4


Dungeon Overview and Level Annotations

Branches:
Dungeon (4/15)
 Temple: D:4-7

Altars:
Dithmenos
Ru

Annotations:
D:4 Grinder, Robin


Message History

You are too injured to fight recklessly!
You are too injured to fight recklessly!
You are too injured to fight recklessly!
You are too injured to fight recklessly!
You are too injured to fight recklessly!
You are too injured to fight recklessly!
You are too injured to fight recklessly!
There is a strange disturbance nearby!
There is a strange disturbance nearby!
There is a strange disturbance nearby!
There is a strange disturbance nearby!
There is a strange disturbance nearby!
There is a strange disturbance nearby!
You hit something.
Something hits you but does no damage. x2
You miss something. Something hits you but does no damage.
You miss something.
Something hits you but does no damage. x2
You miss something. Something hits you but does no damage.
You miss something. Something hits you but does no damage. Something hits you.
Something shocks you.
* * * LOW HITPOINT WARNING * * *
You barely miss something. Something hits you but does no damage.
You completely miss something.
Something hits you but does no damage. x2
You hit something but do no damage. You block something's attack.
Something hits you but does no damage.
You hit something but do no damage. You block something's attack.
You miss something. Something hits you but does no damage. Something hits you.
* * * LOW HITPOINT WARNING * * *
Something shocks you.
* * * LOW HITPOINT WARNING * * *
You barely miss something. Something hits you.
* * * LOW HITPOINT WARNING * * *
Something shocks you.
* * * LOW HITPOINT WARNING * * *
You miss something. You block something's attack.
Something hits you but does no damage.
You barely miss something. Something hits you but does no damage.
Something hits you.
* * * LOW HITPOINT WARNING * * *
Something shocks you.
You die...

# ...# #..#
#..# ## ..#
.. ... ##
#.#######
##
###{.......
.. #..@# .#
#.#.# #
#.<.# #...#
#...# #...#
.....
####.## ...


There were no monsters in sight!

Vanquished Creatures
  A scorpion (D:3)
  2 adders
  A worm (D:2)
  An orc (D:2)
  11 ball pythons
  3 endoplasms
  2 giant cockroaches
  3 hobgoblins (D:1)
  2 jackals (D:2)
  3 quokkas
  11 bats
  2 frilled lizards
  8 goblins
  13 kobolds
  9 rats
72 creatures vanquished.

Notes
Turn   | Place    | Note
-------+----------+-------------------------------------------
     0 | D:1      | randomguy2701 the Hill Orc Fighter began the quest for the
                  | Orb.
     0 | D:1      | Reached XP level 1. HP: 19/19 MP: 1/1
   110 | D:1      | Reached XP level 2. HP: 27/27 MP: 2/2
   358 | D:1      | Reached XP level 3. HP: 33/33 MP: 3/3
  1194 | D:2      | You fall into a shaft and drop 2 floors!
  1214 | D:4      | Noticed Grinder
  1232 | D:4      | Noticed Robin
  1234 | D:4      | Noticed a scorpion
  1237 | D:4      | Reached XP level 4. HP: 33/41 MP: 4/4
  1450 | D:3      | Found a faded altar of an unknown god.
  1609 | D:3      | Noticed a scorpion
  1618 | D:3      | Killed a scorpion
  1619 | D:3      | Reached XP level 5. HP: 25/47 MP: 5/5
  1927 | D:3      | Found a sacrificial altar of Ru.
  1927 | D:3      | Found a shadowy altar of Dithmenos.
  2418 | D:4      | Noticed a sky beast
  2441 | D:4      | HP: 2/47 [something (2)]
  2441 | D:4      | Slain by a sky beast

Illustrated notes

Levels and vault maps discovered:
D:1:      nicolae_arrival_somewhat_less_tricky_arrival, layout_loops_ring
D:2:      layout_loops_corners
D:3:      layout_rooms, nicolae_overflow_two_pavilions,
          nicolae_ecumenical_snake_handling, ebering_dispersal_statue_hall
D:4:      minmay_spotlight, layout_basic, minmay_temple_entry_drinking_statues,
          nicolae_ossuary_entry_giza, uniq_robin, uniq_grinder, uniq_natasha

Skill      XL: |  1  2  3  4  5 |
---------------+----------------+-----
Axes           | 3 4 |  4.8
Fighting       | 4 |  4.4
Shields        | 4 |  4.2
Armour         | 4 |  4.0
Dodging        | |  0.4

Action                     |  1- 3 |  4- 6 || total
---------------------------+-------+-------++-------
  Melee: War axe           |    94 |    91 ||   185
    Use: Potion            |       |     1 ||     1
 Armour: Scale mail        |    59 |    85 ||   144
  Dodge: Dodged            |    51 |    29 ||    80
  Block: Buckler           |    15 |     6 ||    21
         Tower shield      |       |    71 ||    71

Table legend: (Time is in decaauts)
 A = Elapsed time spent in this place.
 B = Non-inter-level travel time spent in this place.
 C = Inter-level travel time spent in this place.
 D = Time resting spent in this place.
 E = Time spent auto-exploring this place.
 F = Levels seen in this place.
 G = Mean time per level.
                   A        B        C        D        E       F      G
               +--------+--------+--------+--------+--------+-----+--------+
         Total |   2539 |   2423 |    116 |    231 |   1662 |   4 |  634.8 |
       Dungeon |   2539 |   2423 |    116 |    231 |   1662 |   4 |  634.8 |
               +--------+--------+--------+--------+--------+-----+--------+

Top non-repeatable levels by time:
     D:2: 830 daAuts
     D:3: 809 daAuts
     D:1: 791 daAuts
     D:4: 108 daAuts
